 Dungeon Crawl Stone Soup version 0.31-a0-844-gdc52ec4e09 (webtiles) character file.

Game seed: 3187361246960194764

28 lonewolfV2 the Shield-Bearer (level 3, 0/29 HPs)
             Began as a Formicid Fighter on Sept 28, 2023.
             Slain by a kobold
             ... wielding a +2 whip of venom
              (3 damage)
             ... on level 2 of the Dungeon.
             The game lasted 00:01:07 (1054 turns).

lonewolfV2 the Shield-Bearer (Formicid Fighter)     Turns: 1054, Time: 00:01:07

Health: 0/29       AC:  6    Str: 22    XL:     3   Next: 27%
Magic:  3/3        EV:  9    Int:  7    God:
Gold:   104        SH:  5    Dex: 13    Spells: 2/2 levels left

rFire   . . .        a - +0 war axe
rCold   . . .        c - +0 buckler
rNeg    . . .        b - +0 scale mail
rPois   .            (helmet unavailable)
rElec   .            (no cloak)
rCorr   .            (no gloves)
SInv    +            (no boots)
Will    .....        (no amulet) Stlth
                     (no ring)
HPRegen 0.24/turn    (no ring)
MPRegen 0.08/turn

%: no passive effects
@: lethally poisoned (0 -> -14)
A: permanent stasis, dig shafts and tunnels, antennae 3, four strong arms
a: Dig, Shaft Self


You were on level 2 of the Dungeon.
You visited 1 branch of the dungeon, and saw 2 of its levels.

You collected 104 gold pieces.

Inventory:

Hand Weapons
 a - a +0 war axe (weapon)
Armour
 b - a +0 scale mail (worn)
 c - a +0 buckler (worn)
Scrolls
 f - 2 scrolls of identify {unknown}
 g - a scroll of immolation
 h - a scroll of fog {unknown}
Potions
 d - a potion of might
 e - a potion of curing {unknown}
 i - a potion of degeneration {unknown}


   Skills:
 + Level 3.6 Fighting
 + Level 2.3 Axes
 + Level 3.6 Armour
 + Level 4.5 Shields


You had 2 spell levels left.
You didn't know any spells.
Your spell library contained the following spells:

 Spells                   Type           Power      Damage    Failure   Level
 Freeze                   Ice            0%         1d3       82%         1
 Lesser Beckoning         Tloc           0%         N/A       91%         2
 Frozen Ramparts          Ice            0%         1d1       99%         3
 Gell's Gravitas          Tloc           0%         N/A       99%         3
 Hailstorm                Conj/Ice       0%         3d3       99%         3
 Teleport Other           Tloc           0%         N/A       99%         3


Dungeon Overview and Level Annotations

Branches:
Dungeon (2/15)

Altars:

Shops:
D:1 [


Innate Abilities, Weirdness & Mutations

You cannot be hasted, slowed, berserked, paralysed or teleported.
You can dig through walls and to a lower floor.
You have a pair of large antennae on your head. (SInv)
Your four strong arms can wield two-handed weapons with a shield.


Message History

The jackal bites you but does no damage. x2
You block the jackal's attack.
The jackal bites you but does no damage.
The jackal bites you but does no damage.
The jackal closely misses you.
You slash the jackal!
You kill the jackal!
You closely miss the jackal. The jackal bites you. x2
The jackal closely misses you.
There is a stone staircase leading down, spattered with blood here.
You see here a jackal corpse.
You slash the jackal!
You kill the jackal!
HP restored.
i - a blue potion You sense a monster nearby.
A kobold comes into view. It is wielding a +2 whip of venom.
The kobold shouts!
A kobold is nearby!
A kobold is nearby!
A kobold is nearby!
You closely miss the kobold.
The kobold hits you with a +2 whip of venom.
You are poisoned.
The kobold hits you with a +2 whip of venom.
You closely miss the kobold.
You feel very sick. You block the kobold's attack.
You barely miss the kobold.
You feel very sick. The kobold barely misses you.
The kobold hits you with a +2 whip of venom.
You are lethally poisoned!
There is a lethal amount of poison in your body!
You hit the kobold.
The kobold is moderately wounded.
* * * LOW HITPOINT WARNING * * *
You feel very sick.
The kobold hits you with a +2 whip of venom.
You die...

### #.# #.#### #####
#....# #...#
#.##.###.#.######
#.#......#......#
#.#############.#
#@K...... ..#..#
######### #.#..#
#######.#.###
#............
###+#####>..###
#..............
######.....##.......
####.†.................
#..'........###....#..#


You could see a kobold.

Vanquished Creatures
  3 endoplasms (D:1)
  2 giant cockroaches (D:1)
  2 goblins
  2 hobgoblins (D:1)
  3 jackals (D:2)
  3 kobolds (D:1)
  2 quokkas (D:1)
  2 ball pythons (D:1)
  3 bats
  A frilled lizard (D:1)
23 creatures vanquished.

Notes
Turn   | Place    | Note
-------+----------+-------------------------------------------
     0 | D:1      | lonewolfV2 the Formicid Fighter began the quest for the
                  | Orb.
     0 | D:1      | Reached XP level 1. HP: 18/18 MP: 1/1
   163 | D:1      | Reached XP level 2. HP: 23/24 MP: 2/2
   259 | D:1      | Noticed an animated plate armour
   261 | D:1      | Found Tulalut's Armour Shop.
   264 | D:1      | Noticed an animated pearl dragon scales
   515 | D:1      | Found a faded altar of an unknown god.
   526 | D:1      | Reached XP level 3. HP: 27/29 MP: 3/3
  1054 | D:2      | Slain by a kobold

Illustrated notes

Levels and vault maps discovered:
D:1:      dpeg_arrival_chambers_temple_mockup, layout_loops_ring, serial_shops,
          nicolae_shop_mannequins, hellmonk_ecumenical_altar_blasted,
          st_stairs_3, grunt_decor_resistance
D:2:      layout_basic, minmay_stone_trees_small, minmay_tiny_reverse_x

Action                     || total
---------------------------++-------
  Melee: War axe           ||    64
 Armour: Scale mail        ||    52
  Dodge: Dodged            ||    39
  Block: Buckler           ||    26

Table legend: (Time is in decaauts)
 A = Elapsed time spent in this place.
 B = Non-inter-level travel time spent in this place.
 C = Inter-level travel time spent in this place.
 D = Time resting spent in this place.
 E = Time spent auto-exploring this place.
 F = Levels seen in this place.
 G = Mean time per level.
                   A        B        C        D        E       F      G
               +--------+--------+--------+--------+--------+-----+--------+
         Total |   1079 |   1056 |     23 |      0 |    825 |   2 |  539.5 |
       Dungeon |   1079 |   1056 |     23 |      0 |    825 |   2 |  539.5 |
               +--------+--------+--------+--------+--------+-----+--------+

Top non-repeatable levels by time:
     D:1: 945 daAuts
     D:2: 133 daAuts
